Unix NetHack Version 5.0.0-0 post-release - last build May 10 2026 23:12:36 (d1fa5d53e341ca933230fdaa984d921c805b60aa,branch:main).

Game began 2026-05-12 08:18:33, ended 2026-05-12 16:47:55.

ArrBianca, lawful female dwarven Valkyrie

                        ------       -----         -----
                        |....         ...           ...|
                        |...-----  ----.-----  -----...|
    -----               |...|)/*|  |..|.|.%!|  |...|...|
    |....#####          |...|!?*|  |..-@-.(%|  |...|...|
    |...|    ###        |...|.).|  |---u-------|...|...|
    |...|      ########(....-)---+--...........-|---...|
    |..)|               |...%..........................|
    -----               |...........{.-(-----.{........|
                        |.............|.....|..........|
                        |....--|--....|.....|..--|--....
                     ###..----...-|--.|.._..||-|+..|...|
                ######  |..).|(((|..|.|.....|..|.+.|...|
                #       |.|..|(((|..|.------|..|+++|...|
        -------##       |.-----------.......--------...|      -----
        |.....|#        |..............................|##    |.<.|
        |......######   --------------------------------#####[.....
        |.....|     #####################################     |...|
        -------                                               -----

ArrBianca the Fighter       St:17 Dx:16 Co:18 In:7 Wi:7 Ch:10  Lawful
Dlvl:8  $:136 HP:0(59) Pw:6(6) AC:7  Xp:6 T:2441 

Latest messages:
 h - a dart (at the ready) (12 in total).
 The gnomish wizard casts a spell!
 The gnomish wizard is suddenly moving faster.
 You swap places with the peaceful gnomish wizard.
 You see here a dart.
 A little dart shoots out at you!
 You are hit by a little dart.
 Double m prefix, canceled.
 You swap places with the peaceful gnomish wizard.
 You see here a pick-axe.
 The giant ant bites!
 The giant ant bites!
 You hit the giant ant!
 The giant ant bites!
 The giant ant bites!
 You kill the giant ant!
 Welcome to experience level 6.
 You see here a giant ant corpse.
 L - a giant ant corpse.
 The water nymph appears close by!
 The horse kicks!
 The horse bites!
 The horse kicks!
 The horse bites!
 You hit the horse!
 The horse kicks!
 The horse bites!
 You hit the horse.
 The horse kicks!
 The horse bites!
 You hit the horse!
 The horse kicks!
 The horse bites!
 The horse kicks!
 The horse bites!
 The horse kicks!
 The horse bites!
 The horse kicks!
 The horse bites!
 As you read the scroll, it disappears.
 Your dwarvish spear glows black for a moment.
 Call a scroll labeled GHOTI: curse weapon
 The horse kicks!
 The horse bites!
 You die...
 Do you want your possessions identified? [ynq] (y) y
 Do you want to see your attributes? [ynq] (y) n
 Do you want an account of creatures vanquished? [ynaq] (y) n
 Do you want to see your conduct and achievements? [ynq] (y) n
 Do you want to see the dungeon overview? [ynq] (y) n

Inventory:
 Coins    ('$')
  $ - 136 gold pieces
 Amulets  ('"')
  A - a cursed amulet of strangulation
  H - an uncursed amulet versus poison
 Weapons  (')')
  f - 8 +0 arrows
  h - 12 +0 darts (at the ready)
  b - 2 +0 daggers (alternate weapons; not wielded)
  a - a +0 dwarvish spear (weapon in right hand)
  n - a +0 orcish dagger
 Armor    ('[')
  z - an uncursed +0 studded leather armor (being worn)
 Comestibles  ('%')
  d - 2 uncursed food rations
  e - 5 cursed food rations
  u - an uncursed tripe ration
  E - 2 cursed tripe rations
  L - an uncursed giant ant corpse
  p - 2 uncursed lichen corpses
 Scrolls  ('?')
  t - an uncursed scroll of amnesia
  l - an uncursed scroll of enchant weapon
  o - a cursed scroll of food detection
  B - an uncursed scroll of light
  y - a cursed scroll of light
  G - an uncursed scroll of teleportation
 Spellbooks  ('+')
  w - an uncursed spellbook of force bolt
  K - an uncursed spellbook of magic missile
 Potions  ('!')
  r - a cursed potion of booze
  I - an uncursed potion of gain energy
  x - 2 uncursed potions of healing
 Rings    ('=')
  s - an uncursed ring of shock resistance
 Wands    ('/')
  v - a cursed wand of create monster (0:12)
  m - a cursed wand of digging (0:7)
  C - a wand of lightning (0:4)
 Tools    ('(')
  g - an expensive camera (0:96)
  i - an uncursed skeleton key
  J - an uncursed tin whistle
 Gems/Stones  ('*')
  k - 2 cursed worthless pieces of green glass
  D - an uncursed worthless piece of white glass

ArrBianca the Valkyrie's attributes:

Background:
 You were a Fighter, a level 6 dwarven Valkyrie.
 You were lawful, on a mission for Tyr
 who was opposed by Odin (neutral) and Loki (chaotic).
 You were right-handed.
 You were in the Gnomish Mines, on level 8.
 You entered the dungeon 2441 turns ago.
 You had 321 experience points, 319 more were needed to attain level 7.

Basics:
 You had 0 out of 59 hit points.
 You had all 6 energy points (spell power).
 Your armor class was 7.
 Your wallet contained 136 zorkmids.
 Autopickup was on for '$?!/="+%' plus thrown, with exceptions.

Final Characteristics:
 Your strength was 17 (limit:18/100).
 Your dexterity was 16 (limit:20).
 Your constitution was 18 (limit:20).
 Your intelligence was 7 (limit:16).
 Your wisdom was 7 (limit:16).
 Your charisma was 10 (limit:16).

Final Status:
 You weren't hungry.
 You were unencumbered.
 You were wielding a spear.
 You were skilled in spear.

Final Attributes:
 You were piously aligned.
 You were cold resistant.
 You had infravision.
 You were stealthy.
 You were warded.
 You are dead.

Miscellaneous:
 You encountered 2 bones levels.
 Total elapsed playing time was 26 minutes and 14 seconds.

Major events:
 Turn
    1: ArrBianca the lawful dwarven Valkyrie entered the dungeon
  350: attained the rank of Skirmisher (level 3)
 1557: entered the Gnomish Mines
 2086: reached Mine Town
 2418: attained the rank of Fighter (level 6)
 2441: killed by a horse

Spells:
 Name                 Level Category     Fail Retention
 force bolt             1   attack        72%  76%-100%

Skills:
 Fighting Skills
   bare handed combat [Unskilled]
   two weapon combat  [Unskilled]
   riding             [Unskilled]
 Weapon Skills
   dagger             [Basic]
   axe                [Unskilled]
   pick-axe           [Unskilled]
   short sword        [Unskilled]
   broadsword         [Unskilled]
   long sword         [Unskilled]
   two-handed sword   [Unskilled]
   saber              [Unskilled]
   hammer             [Unskilled]
   quarterstaff       [Unskilled]
   polearms           [Unskilled]
   spear              [Skilled]
   trident            [Unskilled]
   lance              [Unskilled]
   sling              [Unskilled]
 Spellcasting Skills
   attack spells      [Unskilled]
   escape spells      [Unskilled]

Voluntary challenges:
 Character rerolling was not enabled.
 You never genocided any monsters.
 You never polymorphed an object.
 You never changed form.
 You used no wishes.
Achievements:
 You attained the rank of Skirmisher.
 You entered a shop.
 You entered the Gnomish Mines.
 You entered Minetown.
 You entered a temple.
 You attained the rank of Fighter.

 The Dungeons of Doom: levels 1 to 4
    Level 1:
       A fountain.
    Level 2:
       Some altars, a fountain, a sink.
    Level 3:
    Level 4:
       A general store.
       Stairs down to The Gnomish Mines.
 The Gnomish Mines: levels 5 to 8
    Level 5:
       Final resting place for
          nethacknoob-Ran-Elf-Mal-Cha, killed by a gnome.
    Level 6:
    Level 7:
    Level 8: <- You were here.
       Many shops, a temple and an altar to Tyr, some fountains.
       Final resting place for
          you, killed by a horse,
          jigsy-Val-Hum-Fem-Law, killed by a giant ant.


Vanquished creatures:
  2 ghosts
  a gnome mummy
  a fog cloud
  a shrieker
  3 giant ants
  2 floating eyes
  2 kittens
  a kobold shaman
 an orc zombie
  2 iguanas
  2 large kobolds
  a hobgoblin
  4 giant rats
  a gnome
  a gnome zombie
  4 geckos
  3 jackals
  a fox
  2 kobolds
  3 goblins
  2 sewer rats
  2 grid bugs
  3 lichens
  2 kobold zombies
  5 newts
52 creatures vanquished.

No species were genocided or became extinct.

Game over:
                       ----------
                      /          \
                     /    REST    \
                    /      IN      \
                   /     PEACE      \
                  /                  \
                  |    ArrBianca     |
                  |      136 Au      |
                  |   killed by a    |
                  |      horse       |
                  |                  |
                  |                  |
                  |       2026       |
                 *|     *  *  *      | *
        _________)/\\_//(\/(/\)/\//\/|_)_______

Farvel ArrBianca the Valkyrie...

You died in The Gnomish Mines on dungeon level 8 with 2265 points,
and 136 pieces of gold, after 2441 moves.
You were level 6 with a maximum of 59 hit points when you died.

